cohdb
Replays
Latest Replays
All Replays
Popular Replays
Top Player Replays
Match Explorer
How It Works
Community
CoH3 Stats
Reddit
Sign in to upload your games and track your stats! →
Sign in with Steam
Match 43718129
Unlisted
Match 43718129
Overview
Messages
Build Orders
End
Panzergrenadier Squad
250 Light Carrier
Selects Panzerjäger Kommand Battlegroup
Panzerpioneer Squad
Construct Light Support Kompanie
Combat Half-tracks
Assault Grenadier Squad
Fire Support Elements
Flakvierling Half-track
Selects Tank Busters
Selects Mine Fields
Panzerjäger Mechanized Group
2.5-tonne Medical Truck
MG34 Team
Vehicle Survival Package
MG34 Team
Selects Defensive Positions
Construct Panzerarmee Kommand
Armored Reserves
Tiger Heavy Tank
Emergency Repair Kits
Walking Stuka Rocket Launcher
Flak 36 Anti-tank Gun Team
Veteran Squad Leaders
Selects Butterfly Bomb Drop
Selects Crew Shock Tactics
Butterfly Bomb Drop
2.5-tonne Medical Truck
Butterfly Bomb Drop
Butterfly Bomb Drop
Flak 36 Anti-tank Gun Team
Selects Anti-tank Overwatch
Butterfly Bomb Drop
Tiger Heavy Tank
Advanced Field Repairs
Butterfly Bomb Drop
Flak 36 Anti-tank Gun Team
1st SubStar
The_Jonny_Boy94
pagep
秃鹫k
0
0
Comments
sign in to comment!
No comments posted yet!